SKY
MONTREAL EXPOS @ DETROIT TIGERS
09/06/2051
 
TOP OF THE 1ST
Montreal Expos batting - Pitching for Detroit Tigers : RHP Edgardo Gil
Pitching: RHP Edgardo Gil
Batting: LHB Hiroshi Takase 0-0: Ball
1-0: Fly out, F9 (Flyball, 9D, EV 102.5 MPH)
Batting: RHB Brian Ottman 0-0: Foul Ball, location: 2F
0-1: DOUBLE (Line Drive, 78M, EV 95.6 MPH)
Batting: LHB Joe Edwards 0-0: Swinging Strike
0-1: Swinging Strike
0-2: Ball
1-2: Ball
2-2: Strikes out swinging, 2-3 out at first.
Batting: LHB C.J. Cordero 0-0: DOUBLE (Line Drive, 78D, EV 108.8 MPH)
Brian Ottman scores
Batting: RHB Ricky Sytsma 0-0: Ball
1-0: Swinging Strike
1-1: Swinging Strike
1-2: Strikes out swinging
Top of the 1st over - 1 run, 2 hits, 0 errors, 1 left on base; Montreal 1 - Detroit 0
BOTTOM OF THE 1ST
Detroit Tigers batting - Pitching for Montreal Expos : RHP Graham Doss
Pitching: RHP Graham Doss
Batting: LHB Sebastian Ontiveros 0-0: Called Strike
0-1: Ball
1-1: Ball
2-1: SINGLE (Line Drive, 34, EV 102.5 MPH)
Batting: RHB Kyle Garette 0-0: Ball
1-0: Ball
2-0: Ball
3-0: Called Strike
3-1: Base on Balls
Sebastian Ontiveros to second
Batting: LHB Jim Harvill 0-0: Ball
1-0: Foul Ball, location: 5SF
1-1: Ball
2-1: Foul Ball, location: 2F
2-2: SINGLE (Line Drive, 6MD, EV 94.4 MPH)
Sebastian Ontiveros to third
Kyle Garette to second
Batting: RHB Juan Izquierdo 0-0: Ball
1-0: Ball
2-0: Foul Ball, location: 2F
2-1: Foul Ball, location: 2F
2-2: Fly out, F6 (Popup, 6, EV 65.0 MPH)
Batting: SHB Amos Medved 0-0: Ball
1-0: Ball
2-0: Called Strike
2-1: Fly out, F4 (Flyball, 3D, EV 86.9 MPH)
Batting: RHB Peter Bates 0-0: Ball
1-0: Called Strike
1-1: Foul Ball, location: 2F
1-2: Ball
2-2: Foul Ball, location: 2F
2-2: Foul Ball, location: 2F
2-2: SINGLE (Flyball, 8LS, EV 92.5 MPH)
Sebastian Ontiveros scores
Kyle Garette to third
Jim Harvill to second
Runner from 3rd tries for Home, SAFE, throw by CF to home
Batting: LHB Narciso Villasana 0-0: Foul Ball, location: 7LMF
0-1: Fly out, F3 (Popup, 34S, EV 70.0 MPH)
Bottom of the 1st over - 2 runs, 3 hits, 0 errors, 2 left on base; Montreal 1 - Detroit 2
TOP OF THE 2ND
Montreal Expos batting - Pitching for Detroit Tigers : RHP Edgardo Gil
Batting: LHB D.J. Spencer 0-0: Ball
1-0: Swinging Strike
1-1: Ball
2-1: SINGLE (Line Drive, 78S, EV 108.8 MPH)
Batting: LHB Miles Kaye 0-0: Fly out, F5 (Line Drive, 5L, EV 73.1 MPH)
Batting: RHB Shelly Banks 0-0: Ball
1-0: Called Strike
1-1: DOUBLE (Flyball, 8LXD, EV 106.9 MPH)
D.J. Spencer to third
Batting: RHB Owen Dyche 0-0: Fly out, F9 (Flyball, 9S, EV 88.8 MPH)
Batting: LHB Hiroshi Takase 0-0: Swinging Strike
0-1: Foul Ball, location: 3F
0-2: SINGLE (Line Drive, 8LS, EV 94.4 MPH)
D.J. Spencer scores
Shelly Banks to third
Runner from 3rd tries for Home, SAFE, throw by CF to home
Hiroshi Takase to second
Batting: RHB Brian Ottman 0-0: Called Strike
0-1: Foul Ball, location: 2F
0-2: Ball
1-2: Ball
2-2: Ball
3-2: Ground out U3 (Groundball, 34, EV 106.9 MPH)
Top of the 2nd over - 2 runs, 3 hits, 0 errors, 1 left on base; Montreal 3 - Detroit 2
BOTTOM OF THE 2ND
Detroit Tigers batting - Pitching for Montreal Expos : RHP Graham Doss
Batting: RHB Sal MacDougall 0-0: Called Strike
0-1: Ground out 4-3 (Groundball, 4, EV 104.4 MPH)
Batting: RHB Brandon Diarra 0-0: Ball
1-0: Fly out, F8 (Flyball, 8LD, EV 108.8 MPH)
Batting: LHB Sebastian Ontiveros 0-0: Called Strike
0-1: Ball
1-1: Ball
2-1: Ball
3-1: Fly out, F9 (Flyball, 89D, EV 98.8 MPH)
Bottom of the 2nd over - 0 runs, 0 hits, 0 errors, 0 left on base; Montreal 3 - Detroit 2
TOP OF THE 3RD
Montreal Expos batting - Pitching for Detroit Tigers : RHP Edgardo Gil
Batting: LHB Joe Edwards 0-0: Ball
1-0: SOLO HOME RUN (Flyball, 9D, EV 97.5 MPH), Distance : 376 ft
Batting: LHB C.J. Cordero 0-0: Foul Ball, location: 2F
0-1: Called Strike
0-2: Ball
1-2: Ball
2-2: Ball
3-2: Base on Balls
Batting: RHB Ricky Sytsma 0-0: Ball
1-0: Ball
2-0: Called Strike
2-1: Ball
3-1: Foul Ball, location: 3FF
3-2: Base on Balls
C.J. Cordero to second
Batting: LHB D.J. Spencer 0-0: Ball
1-0: Foul Ball, location: 2F
1-1: Fielders Choice at 2nd, 4-6 (Groundball, 4, EV 99.4 MPH)
C.J. Cordero to third
Batting: LHB Miles Kaye 0-0: Called Strike
0-1: Ball
1-1: Ball
2-1: Foul Ball, location: 2F
2-2: Foul Ball, location: 3SF
2-2: Ball
3-2: Base on Balls
D.J. Spencer to second
Batting: RHB Shelly Banks 0-0: Ball
1-0: Swinging Strike
1-1: SINGLE (Groundball, 4MD, EV 100.0 MPH)
C.J. Cordero scores
D.J. Spencer to third
Miles Kaye to second
Runner from 3rd tries for Home, SAFE, throw by CF to home
Pitching: RHP Dylan Sheets
Batting: RHB Owen Dyche 0-0: Ball
1-0: Ball
2-0: Called Strike
2-1: Foul Ball, location: 2F
2-2: Ball
3-2: Strikes out swinging
Batting: LHB Hiroshi Takase 0-0: Swinging Strike
0-1: Foul Ball, location: 5FF
0-2: Ball
1-2: Ball
2-2: Strikes out looking
Top of the 3rd over - 3 runs, 2 hits, 0 errors, 2 left on base; Montreal 6 - Detroit 2
BOTTOM OF THE 3RD
Detroit Tigers batting - Pitching for Montreal Expos : RHP Graham Doss
Batting: RHB Kyle Garette 0-0: Swinging Strike
0-1: Swinging Strike
0-2: Fly out, F8 (Flyball, 8LXD, EV 91.9 MPH)
Batting: LHB Jim Harvill 0-0: SINGLE (Groundball, 34D, EV 99.4 MPH)
Batting: RHB Juan Izquierdo 0-0: Ball
1-0: Called Strike
1-1: Called Strike
1-2: Fly out, F7 (Line Drive, 7, EV 106.3 MPH)
Batting: SHB Amos Medved 0-0: Foul Ball, location: 2F
0-1: Ball
1-1: Ball
2-1: SINGLE (Groundball, 6D, EV 97.5 MPH)
Jim Harvill to second
Batting: RHB Peter Bates 0-0: Ball
1-0: Foul Ball, location: 2F
1-1: Swinging Strike
1-2: Ground out 4-3 (Groundball, 34D, EV 105.0 MPH)
Bottom of the 3rd over - 0 runs, 2 hits, 0 errors, 2 left on base; Montreal 6 - Detroit 2
TOP OF THE 4TH
Montreal Expos batting - Pitching for Detroit Tigers : RHP Dylan Sheets
Batting: RHB Brian Ottman 0-0: SINGLE (Groundball, 34D, EV 108.8 MPH)
Batting: LHB Joe Edwards 0-0: Ball
1-0: Ball
2-0: Ball
3-0: Base on Balls
Brian Ottman to second
Batting: LHB C.J. Cordero 0-0: Called Strike
0-1: Called Strike
0-2: Ball
1-2: Fly out, F8 (Flyball, 8RD, EV 93.1 MPH)
Batting: RHB Ricky Sytsma 0-0: Ball
1-0: Ball
2-0: Called Strike
2-1: Swinging Strike
2-2: Ball
Wild Pitch!
Brian Ottman to third
Joe Edwards to second
3-2: Strikes out swinging
Batting: LHB D.J. Spencer 0-0: Called Strike
0-1: Swinging Strike
0-2: Ball
1-2: Strikes out swinging
Top of the 4th over - 0 runs, 1 hit, 0 errors, 2 left on base; Montreal 6 - Detroit 2
BOTTOM OF THE 4TH
Detroit Tigers batting - Pitching for Montreal Expos : RHP Graham Doss
Pitching: LHP Justin Ayer
Batting: LHB Narciso Villasana 0-0: Foul Ball, location: 5DF
0-1: Called Strike
0-2: Ball
1-2: Foul Ball, location: 2F
1-2: Fly out, F9 (Flyball, 9, EV 82.5 MPH)
Batting: RHB Sal MacDougall 0-0: Foul Ball, location: 7LMF
0-1: SINGLE (Groundball, 4MD, EV 101.9 MPH)
Batting: RHB Brandon Diarra 0-0: Ball
1-0: Ball
2-0: Ball
3-0: Called Strike
3-1: Base on Balls
Sal MacDougall to second
Batting: LHB Sebastian Ontiveros 0-0: Called Strike
0-1: Foul Ball, location: 2F
0-2: TRIPLE (Flyball, 8RXD, EV 108.8 MPH)
Sal MacDougall scores
Brandon Diarra scores
Batting: RHB Kyle Garette 0-0: Called Strike
0-1: Ball
1-1: Swinging Strike
1-2: Ball
2-2: Strikes out looking
Batting: LHB Jim Harvill 0-0: Ball
1-0: Called Strike
1-1: DOUBLE (Groundball, 5L, EV 95.6 MPH)
Sebastian Ontiveros scores
Batting: RHB Juan Izquierdo 0-0: SINGLE (Groundball, 4MD, EV 109.4 MPH)
Jim Harvill to third
Runner from 3rd tries for Home, SAFE, throw by CF to home
Juan Izquierdo to second
Pitching: RHP Eddie Pendergast
Batting: SHB Amos Medved 0-0: Swinging Strike
0-1: Foul Ball, location: 2F
0-2: Strikes out swinging
Bottom of the 4th over - 4 runs, 4 hits, 0 errors, 1 left on base; Montreal 6 - Detroit 6
TOP OF THE 5TH
Montreal Expos batting - Pitching for Detroit Tigers : RHP Dylan Sheets
Batting: LHB Miles Kaye 0-0: Ball
1-0: Foul Ball, location: 2F
1-1: Swinging Strike
1-2: Strikes out swinging
Batting: RHB Shelly Banks 0-0: Called Strike
0-1: Foul Ball, location: 5F
0-2: Ground out 6-3 (Groundball, 6S, EV 85.0 MPH)
Pinch Hitting: LHB Jose Stevens 0-0: Ball
1-0: Swinging Strike
1-1: Ball
2-1: Called Strike
2-2: SINGLE (Line Drive, 5D, EV 94.4 MPH)
Batting: LHB Hiroshi Takase 0-0: Foul Ball, location: 2F
0-1: Called Strike
0-2: Foul Ball, location: 2F
0-2: Ball
1-2: Ball
2-2: Strikes out looking
Top of the 5th over - 0 runs, 1 hit, 0 errors, 1 left on base; Montreal 6 - Detroit 6
BOTTOM OF THE 5TH
Detroit Tigers batting - Pitching for Montreal Expos : RHP Eddie Pendergast
Now at 2B: Brian Ottman
Now at 3B: Jose Stevens
Batting: RHB Peter Bates 0-0: Swinging Strike
0-1: Called Strike
0-2: Hit by Pitch
Batting: LHB Narciso Villasana 0-0: Called Strike
0-1: Grounds into double play, 4-6-3 (Groundball, 4, EV 105.0 MPH)
Batting: RHB Sal MacDougall 0-0: Ground out 6-3 (Groundball, 6, EV 88.8 MPH)
Bottom of the 5th over - 0 runs, 0 hits, 0 errors, 0 left on base; Montreal 6 - Detroit 6
TOP OF THE 6TH
Montreal Expos batting - Pitching for Detroit Tigers : RHP Dylan Sheets
Batting: RHB Brian Ottman 0-0: Called Strike
0-1: Fly out, F7 (Flyball, 7D, EV 111.9 MPH)
Batting: LHB Joe Edwards 0-0: Ball
1-0: Swinging Strike
1-1: Foul Ball, location: 3FF
1-2: Strikes out swinging
Batting: LHB C.J. Cordero 0-0: Ball
1-0: Ball
2-0: Fly out, F7 (Flyball, 7, EV 92.5 MPH)
Top of the 6th over - 0 runs, 0 hits, 0 errors, 0 left on base; Montreal 6 - Detroit 6
BOTTOM OF THE 6TH
Detroit Tigers batting - Pitching for Montreal Expos : RHP Eddie Pendergast
Batting: RHB Brandon Diarra 0-0: Swinging Strike
0-1: Ball
1-1: Ball
2-1: Reaches on Catchers interference
Batting: LHB Sebastian Ontiveros 0-0: Called Strike
0-1: Ball
1-1: DOUBLE (Flyball, 89XD, EV 96.3 MPH)
Brandon Diarra to third
Batting: RHB Kyle Garette 0-0: Foul Ball, location: 2F
0-1: Called Strike
0-2: Ball
1-2: Ball
2-2: Ball
3-2: Base on Balls
Batting: LHB Jim Harvill 0-0: Called Strike
0-1: Fly out, F9 (Flyball, 9, EV 91.9 MPH)
Runner from 3rd tags up, SCORES, throw by RF
Sebastian Ontiveros to third
Batting: RHB Juan Izquierdo 0-0: Fly out, F8 (Line Drive, 8LM, EV 107.5 MPH)
Batting: SHB Amos Medved 0-0: Ball
1-0: Ball
2-0: Called Strike
2-1: Called Strike
2-2: SINGLE (Line Drive, 56D, EV 98.8 MPH)
Sebastian Ontiveros scores
Kyle Garette to second
Runner from 2nd tries for 3rd, OUT! 7-5
Bottom of the 6th over - 2 runs, 2 hits, 1 error, 1 left on base; Montreal 6 - Detroit 8
TOP OF THE 7TH
Montreal Expos batting - Pitching for Detroit Tigers : RHP Dylan Sheets
Batting: RHB Ricky Sytsma 0-0: Foul Ball, location: 2F
0-1: Ball
1-1: Foul Ball, location: 5F
1-2: Ball
2-2: DOUBLE (Line Drive, 89D, EV 104.4 MPH)
Pinch Hitting: SHB Roberto Esquivel 0-0: Called Strike
0-1: Ball
1-1: Ball
2-1: Ball
3-1: Base on Balls
Pitching: LHP Iggy Canchola
Batting: RHB Tom Gula 0-0: Swinging Strike
0-1: Called Strike
0-2: Ball
1-2: Foul Ball, location: 2F
1-2: Ball
2-2: Strikes out looking
Batting: RHB Shelly Banks 0-0: Ball
1-0: Called Strike
1-1: Ball
2-1: Foul Ball, location: 2F
2-2: Grounds into double play, 5-4-3 (Groundball, 5, EV 87.5 MPH)
Top of the 7th over - 0 runs, 1 hit, 0 errors, 1 left on base; Montreal 6 - Detroit 8
BOTTOM OF THE 7TH
Detroit Tigers batting - Pitching for Montreal Expos : RHP Eddie Pendergast
Pitching: RHP Mason McKinney
Now at 1B: Brian Ottman
Now at 2B: Roberto Esquivel
Now in LF: C.J. Cordero
Batting: RHB Peter Bates 0-0: Ball
1-0: Ball
2-0: SINGLE (Line Drive, 89S, EV 91.9 MPH)
Batting: LHB Narciso Villasana 0-0: Called Strike
0-1: Bunt missed!
0-2: Ball
1-2: SINGLE (Line Drive, 8RS, EV 94.4 MPH)
Peter Bates to second
Runner from 2nd tries for 3rd, SAFE, throw by CF made to third
Batting: RHB Sal MacDougall 0-0: Called Strike
0-1: Called Strike
0-2: Foul Ball, location: 9LDF
0-2: Foul Ball, location: 23F
0-2: Ball
1-2: Strikes out looking
Batting: RHB Brandon Diarra 0-0: Foul Ball, location: 9LMF
0-1: Ball
1-1: Ball
2-1: Foul Ball, location: 2F
2-2: Strikes out swinging
Batting: LHB Sebastian Ontiveros 0-0: Ball
1-0: SINGLE (Groundball, 34, EV 83.8 MPH) (infield hit)
Peter Bates scores
Narciso Villasana to second
Batting: RHB Kyle Garette 0-0: Called Strike
0-1: Ball
1-1: Foul Ball, location: 23F
1-2: Ball
2-2: DOUBLE (Flyball, 8LXD, EV 97.5 MPH)
Narciso Villasana scores
Sebastian Ontiveros to third
Batting: LHB Jim Harvill 0-0: Swinging Strike
0-1: Ball
Wild Pitch!
Sebastian Ontiveros scores
Kyle Garette to third
1-1: Foul Ball, location: 2F
1-2: Strikes out swinging
Bottom of the 7th over - 3 runs, 4 hits, 0 errors, 1 left on base; Montreal 6 - Detroit 11
TOP OF THE 8TH
Montreal Expos batting - Pitching for Detroit Tigers : LHP Iggy Canchola
Batting: LHB Jose Stevens 0-0: Foul Ball, location: 23FF
0-1: Foul Ball, location: 2F
0-2: Foul Ball, location: 9LDF
0-2: Ground out U3 (Groundball, 3, EV 108.8 MPH)
Pinch Hitting: RHB Jin-Seo Yun 0-0: Ball
1-0: Called Strike
1-1: Foul Ball, location: 9LSF
1-2: Foul Ball, location: 2F
1-2: Ball
2-2: SINGLE (Flyball, 56D, EV 94.4 MPH)
Batting: RHB Brian Ottman 0-0: Fly out, F4 (Popup, 4, EV 58.1 MPH)
Pinch Hitting: RHB Jesse McCabe 0-0: Ball
1-0: Foul Ball, location: 23FF
1-1: Ball
2-1: Called Strike
2-2: Ball
3-2: Foul Ball, location: 3DF
3-2: Foul Ball, location: 9LMF
3-2: Foul Ball, location: 2F
3-2: Base on Balls
Jin-Seo Yun to second
Batting: LHB C.J. Cordero 0-0: Called Strike
0-1: Called Strike
0-2: Foul Ball, location: 7LMF
0-2: Strikes out swinging
Top of the 8th over - 0 runs, 1 hit, 0 errors, 2 left on base; Montreal 6 - Detroit 11
BOTTOM OF THE 8TH
Detroit Tigers batting - Pitching for Montreal Expos : RHP Mason McKinney
Pitching: RHP Mason Long
Now in LF: Jin-Seo Yun
Now in CF: Ayden Wilmers
Now in RF: C.J. Cordero
Batting: RHB Juan Izquierdo 0-0: Ball
1-0: Called Strike
1-1: Ball
2-1: Called Strike
2-2: Ball
3-2: Foul Ball, location: 9LSF
3-2: Strikes out swinging
Batting: SHB Amos Medved 0-0: Called Strike
0-1: Called Strike
0-2: SINGLE (Flyball, 56D, EV 92.5 MPH)
Batting: RHB Peter Bates 0-0: Ball
1-0: Ball
2-0: Ball
3-0: Called Strike
3-1: Swinging Strike
3-2: SINGLE (Groundball, 56D, EV 97.5 MPH)
Amos Medved to second
Batting: LHB Narciso Villasana 0-0: Foul Ball, location: 3F
0-1: Ball
1-1: Foul Ball, location: 2RF
1-2: Ball
2-2: Ball
3-2: Base on Balls
Amos Medved to third
Peter Bates to second
Batting: RHB Sal MacDougall 0-0: Fly out, F2 (Popup, 23F, EV 88.8 MPH)
Batting: RHB Brandon Diarra 0-0: Ball
1-0: SINGLE (Line Drive, 56D, EV 100.0 MPH)
Amos Medved scores
Peter Bates to third
Narciso Villasana to second
Batting: LHB Sebastian Ontiveros 0-0: Ball
1-0: Called Strike
1-1: Ground out 6-3 (Groundball, 56D, EV 103.1 MPH)
Bottom of the 8th over - 1 run, 3 hits, 0 errors, 3 left on base; Montreal 6 - Detroit 12
TOP OF THE 9TH
Montreal Expos batting - Pitching for Detroit Tigers : LHP Iggy Canchola
Batting: RHB Ricky Sytsma 0-0: Ball
1-0: Foul Ball, location: 5F
1-1: Ball
2-1: Foul Ball, location: 3F
2-2: Foul Ball, location: 3FF
2-2: Foul Ball, location: 2F
2-2: SINGLE (Flyball, 8RS, EV 91.9 MPH)
Pitching: LHP Nate Davis
Batting: SHB Roberto Esquivel 0-0: Ball
1-0: Called Strike
1-1: Ball
2-1: Foul Ball, location: 2F
2-2: Foul Ball, location: 2F
2-2: Ball
Wild Pitch!
Ricky Sytsma to second
3-2: Strikes out swinging
Batting: RHB Tom Gula 0-0: Fly out, F8 (Flyball, 78M, EV 91.3 MPH)
Batting: RHB Shelly Banks 0-0: Ball
1-0: Ball
2-0: Called Strike
2-1: Foul Ball, location: 23F
2-2: Ground out 6-3 (Groundball, 6, EV 93.1 MPH)
Top of the 9th over - 0 runs, 1 hit, 0 errors, 1 left on base; Montreal 6 - Detroit 12
Friday, March 29th , 2024 - OOTP Baseball 24.11 Build 85